 Dungeon Crawl Stone Soup version 0.29-a0-284-gf9362112df (webtiles) character file.

Game seed: 5755986138874558440

160 siradein the Grave Robber (level 5, 0/41 HPs)
             Began as a Draconian Necromancer on Mar 22, 2022.
             Succumbed to a scorpion's poison
             ... on level 2 of the Dungeon.
             The game lasted 00:07:29 (4756 turns).

siradein the Grave Robber (Draconian Necromancer)   Turns: 4756, Time: 00:07:29

Health: 0/41       AC:  5    Str: 10    XL:     5   Next: 17%
Magic:  2/9        EV: 12    Int: 18    God:
Gold:   193        SH:  0    Dex: 11    Spells: 5/9 levels left

rFire   . . .      SeeInvis .   r - +0 flail (protect)
rCold   . . .      Faith    .   (no shield)
rNeg    . . .      Spirit   .   (body armour unavailable)
rPois   .          Reflect  .   (helmet restricted)
rElec   .          Harm     .   (no cloak)
rCorr   .          Rampage  .   (no gloves)
Will    .....                   (no boots)
Stlth   ++........              (no amulet)
HPRegen 0.13/turn               (no ring)
MPRegen 0.11/turn               (no ring)

@: lethally poisoned (0 -> -4)
A: AC +5, unfitting armour, cold-blooded
a: no special abilities


You were on level 2 of the Dungeon.
You visited 1 branch of the dungeon, and saw 3 of its levels.

You collected 193 gold pieces.

Inventory:

Hand Weapons
 r - a +0 flail of protection (weapon)
Missiles
 b - a throwing net
 g - 5 curare-tipped darts
 i - 6 poisoned darts (quivered)
Scrolls
 e - a scroll of fog {unknown}
 f - 2 scrolls of torment {unknown}
 h - 3 scrolls of identify {unknown}
 l - 2 scrolls of vulnerability {unknown}
 n - a scroll of noise {unknown}
 q - 2 scrolls of enchant weapon {unknown}
Potions
 a - a potion of magic
 c - a potion of lignification {unknown}
 d - a potion of curing {unknown}
 k - 2 potions of cancellation
 m - a potion of flight {unknown}
 o - a potion of mutation {unknown}
 p - 2 potions of heal wounds {unknown}


   Skills:
 + Level 1.9 Fighting
 + Level 1.5 Maces & Flails
 + Level 2.4 Dodging
 - Level 1.7 Stealth
 + Level 2.7 Spellcasting
 * Level 5.0 Necromancy


You had 5 spell levels left.
You knew the following spells:

 Your Spells              Type           Power      Damage    Failure   Level
a - Pain                  Necr           80%        1d8       2%          1
b - Vampiric Draining     Necr           20%        2d7       6%          3

Your spell library contained the following spells:

 Spells                   Type           Power      Damage    Failure   Level
 Animate Skeleton         Necr           40%        N/A       2%          1
 Sublimation of Blood     Necr           20%        N/A       3%          2
 Magic Dart               Conj           8%         1d3       17%         1
 Animate Dead             Necr           10%        N/A       22%         4
 Call Imp                 Summ           2%         N/A       26%         2
 Static Discharge         Conj/Air       2%         N/A       26%         2
 Wereblood                Tmut           2%         N/A       26%         2
 Mephitic Cloud           Conj/Pois/Air  2%         N/A       45%         3
 Agony                    Necr           20%        N/A       52%         5
 Lightning Bolt           Conj/Air       1%         1d12      99%         5
 Summon Hydra             Summ           1%         N/A       100%        7
 Maxwell's Capacitive Co  Air            1%         ∞         100%        8


Dungeon Overview and Level Annotations

Branches:
Dungeon (3/15)

Altars:
Elyvilon


Innate Abilities, Weirdness & Mutations

Your plain brown scales are hard. (AC +5)
You cannot fit into any form of body armour.
You are cold-blooded and may be slowed by cold attacks.


Message History

Confirm with . or Enter, or press ? or * to list all spells.
Aiming: Pain (safe; 2% risk of failure)
Press: ? - help, Shift-Dir - straight line, f/p - scorpion
Aim: a scorpion (heavily wounded, very poisoned, chance to affect: 78%)
The scorpion writhes in agony.
* * * LOW HITPOINT WARNING * * *
You feel very sick. The scorpion completely misses you.
Casting: Pain (safe; 2% risk of failure)
Confirm with . or Enter, or press ? or * to list all spells.
Aiming: Pain (safe; 2% risk of failure)
Press: ? - help, Shift-Dir - straight line, f/p - scorpion
Aim: a scorpion (severely wounded, very poisoned, chance to affect: 78%)
The scorpion barely resists.
* * * LOW HITPOINT WARNING * * *
You feel sick.
The scorpion stings you but does no damage.
Casting: Pain (safe; 2% risk of failure)
Confirm with . or Enter, or press ? or * to list all spells.
Aiming: Vampiric Draining (dangerous; 7% risk of failure)
Press: ? - help, Shift-Dir - straight line, f/p - scorpion
Aim: a scorpion (almost dead, very poisoned)
You draw life force from the scorpion.
You kill the scorpion!
You feel life coursing into your body.
* * * LOW HITPOINT WARNING * * *
You feel very sick.
Your Necromancy skill increases to level 5!
You have reached level 5!
There is a lethal amount of poison in your body!
There is a lethal amount of poison in your body!
There is a lethal amount of poison in your body!
There is a lethal amount of poison in your body!
There is a lethal amount of poison in your body!
* * * LOW HITPOINT WARNING * * *
You feel sick.
* * * LOW HITPOINT WARNING * * *
You feel sick.
It was a potion of cancellation.
You feel magically purged.
You die...

#.......#.#
#.##.#..#.#####
####.##.#........#
#.......##.#.###.#
#.##.##.##.#.# #.#
#..#.##.>....# #.#
##.#......<### #.#
#.##########
#.#### #.# #.....#
#@(.(# #.# #.....#
####.# #.# #.....#
... ##.####.....#
.#.# ......#÷#####
##.# ##.##.÷.# .
...##...### #
.####..#..#
......[...# .#####


There were no monsters in sight!

Vanquished Creatures
  A scorpion (D:2)
  4 adders
  3 dart slugs
  4 orcs (D:3)
  An endoplasm (D:1)
  4 giant cockroaches
  4 goblins
  2 hobgoblins (D:1)
  2 jackals (D:1)
  6 kobolds
  A quokka (D:1)
  7 ball pythons
  10 bats
  5 frilled lizards
  4 rats
  A toadstool (D:1)
59 creatures vanquished.

Vanquished Creatures (others)
  A bat (D:1)
  3 toadstools (D:1)
4 creatures vanquished.

Grand Total: 63 creatures vanquished

Notes
Turn   | Place    | Note
-------+----------+-------------------------------------------
     0 | D:1      | siradein the Draconian Necromancer began the quest for the
                  | Orb.
     0 | D:1      | Reached XP level 1. HP: 14/14 MP: 3/3
   662 | D:1      | Reached XP level 2. HP: 19/22 MP: 5/5
  1364 | D:1      | Found a faded altar of an unknown god.
  1811 | D:1      | Reached skill level 1 in Fighting
  1898 | D:2      | Reached XP level 3. HP: 27/28 MP: 4/6
  1902 | D:2      | Learned a level 3 spell: Vampiric Draining
  2870 | D:2      | Reached skill level 1 in Maces & Flails
  3046 | D:2      | Reached XP level 4. HP: 14/35 MP: 1/7
  3402 | D:2      | Noticed a scorpion
  3595 | D:3      | Found a white marble altar of Elyvilon.
  4753 | D:2      | Killed a scorpion
  4754 | D:2      | Reached skill level 5 in Necromancy
  4754 | D:2      | Reached XP level 5. HP: 4/41 MP: 2/9
  4755 | D:2      | HP: 1/41 [poisoned by a scorpion]
  4756 | D:2      | Succumbed to a scorpion's poison

Illustrated notes

Levels and vault maps discovered:
D:1:      ldierk_water_garden, layout_basic,
          hellmonk_ecumenical_altar_prayer_group, serial_bayou_pond_b,
          lemuel_old_faithful
D:2:      minmay_recursive_quarters, layout_loops_cross
D:3:      layout_basic, mainiacjoe_overflow_concentric_impassable,
          serial_bayou_pond_d, chequers_big_river

Skill      XL: |  1  2  3  4 |
---------------+-------------+-----
Dodging        | 2 |  2.4
Fighting       | 1 |  1.9
Maces & Flails | 1 |  1.5
Necromancy     | 5 |  5.0
Stealth        | |  1.7
Spellcasting   | |  2.7

Action                   |  1- 3 |  4- 6 || total
-------------------------+-------+-------++-------
Melee: Unarmed           |    20 |       ||    20
       Short sword       |    21 |       ||    21
       Tailslap          |    13 |     1 ||    14
       Punch             |     1 |       ||     1
       Club              |    54 |       ||    54
       Spear             |       |    10 ||    10
Throw: Dart              |       |     6 ||     6
 Cast: Pain              |    55 |    28 ||    83
       Vampiric Draining |       |     1 ||     1
  Use: Potion            |       |     1 ||     1
 Stab: Sleeping          |     2 |       ||     2
Armor: Skin              |    62 |     6 ||    68
Dodge: Dodged            |   100 |    12 ||   112

Table legend: (Time is in decaauts)
 A = Elapsed time spent in this place.
 B = Non-inter-level travel time spent in this place.
 C = Inter-level travel time spent in this place.
 D = Time resting spent in this place.
 E = Time spent auto-exploring this place.
 F = Levels seen in this place.
 G = Mean time per level.
                   A        B        C        D        E       F      G
               +--------+--------+--------+--------+--------+-----+--------+
         Total |   4789 |   4706 |     83 |    685 |   3354 |   3 | 1596.3 |
       Dungeon |   4789 |   4706 |     83 |    685 |   3354 |   3 | 1596.3 |
               +--------+--------+--------+--------+--------+-----+--------+

Top non-repeatable levels by time:
     D:1: 2333 daAuts
     D:3: 1314 daAuts
     D:2: 1141 daAuts
